 Dungeon Crawl Stone Soup version 0.27-a0-887-gcab673c142 (webtiles) character file.

Game seed: 8078508290612714248

366 HELP the Changer (level 6, -3/42 HPs)
             Began as an Octopode Transmuter on Apr 4, 2021.
             Slain by a phantom (8 damage)
             ... on level 4 of the Dungeon.
             The game lasted 00:11:41 (3111 turns).

HELP the Changer (Octopode Transmuter)              Turns: 3111, Time: 00:11:41

Health: -3/42      AC:  1    Str: 10    XL:     6   Next: 68%
Magic:  10/10      EV: 13    Int: 16    God:
Gold:   128        SH:  0    Dex: 13    Spells: 5/11 levels left

rFire    . . .     SeeInvis .   b - +2 quarterstaff (chaos)
rCold    + . .     Faith    .   (shield currently unavailable)
rNeg     . . .     Spirit   .   (helmet currently unavailable)
rPois    .         Reflect  .   (no amulet)
rElec    .         Harm     .   e - ring of protection from cold
rCorr    .         Rampage  .   (no ring)
Will     .....                  (no ring)
Stlth    ++........             (no ring)
HPRegen  0.14/turn              (no ring)
MPRegen  0.12/turn              (no ring)
                                (no ring)
                                (no ring)

@: appendages (expiring), attractive, hasted, very quick
A: tentacle spike 3, almost no armour, amphibious, 8 rings, camouflage 1,
gelatinous body 1, (nimble swimmer 1), tentacles
a: End Transformation


You were on level 4 of the Dungeon.
One of your tentacles had grown a beastly spike.
You visited 1 branch of the dungeon, and saw 4 of its levels.

You collected 128 gold pieces.

Inventory:

Hand Weapons
 a - a +2 whip of venom
 b - a +2 quarterstaff of chaos (weapon)
 n - a +2 mace of protection
Missiles
 i - 21 bolts
 j - 50 sling bullets
 s - 6 boomerangs
Jewellery
 e - a ring of protection from cold (left tentacle)
Wands
 l - a wand of random effects (13)
Scrolls
 c - 2 scrolls of enchant weapon {unknown}
 g - 3 scrolls of identify {unknown}
 h - 2 scrolls of magic mapping {unknown}
 k - 2 scrolls of fog {unknown}
 r - a scroll of amnesia {unknown}
Potions
 f - a potion of curing {unknown}
 m - a potion of cancellation {unknown}
 o - a potion of haste
 p - a potion of lignification {unknown}
 q - a potion of invisibility {unknown}


   Skills:
 + Level 3.0 Fighting
 - Level 2.0 Dodging
 - Level 3.0 Unarmed Combat
 + Level 3.2 Spellcasting
 * Level 4.6 Transmutations
 * Level 3.0 Poison Magic


You had 5 spell levels left.
You knew the following spells:

 Your Spells              Type           Power      Damage    Failure   Level
a - Beastly Appendage     Tmut           34%        N/A       2%          1
s - Spider Form           Tmut/Pois      7%         N/A       11%         3
w - Wereblood             Tmut           17%        N/A       4%          2

Your spell library contained the following spells:

 Spells                   Type           Power      Damage    Failure   Level
 Ice Form                 Ice/Tmut       10%        N/A       56%         4
 Hydra Form               Tmut           8%         N/A       58%         5


Dungeon Overview and Level Annotations

Branches:
Dungeon (4/15)
 Temple: D:4-7

Altars:

Shops:
D:4 (


Innate Abilities, Weirdness & Mutations

One of your tentacles has grown a beastly spike.
You cannot wear most types of armour.
You are amphibious.
You can wear up to eight rings at the same time.
Your skin changes colour to match your surroundings (Stealth+).
Your rubbery body absorbs attacks. (AC +1, EV +1)
((You are camouflaged near water. (Stealth+)))
You have tentacles for arms and can constrict up to eight enemies at once.


Message History

You pierce the phantom, but do no damage.
The phantom is moderately damaged.
The phantom hits you!
The phantom blinks!
You blink.
The phantom hits you.
You barely miss the phantom.
You tentacle-slap the phantom, but do no damage.
The phantom is moderately damaged.
The phantom hits you!
* * * LOW HITPOINT WARNING * * *
You barely miss the phantom.
The phantom is moderately damaged.
The phantom hits you.
* * * LOW HITPOINT WARNING * * *
You closely miss the phantom.
Your tentacle spike misses the phantom.
The phantom is moderately damaged.
The phantom hits you.
* * * LOW HITPOINT WARNING * * *
The phantom hits you.
* * * LOW HITPOINT WARNING * * *
The phantom blinks!
You blink.
You barely miss the phantom.
The phantom is moderately damaged.
The phantom hits you.
* * * LOW HITPOINT WARNING * * *
The phantom blinks!
You blink.
It was a potion of haste.
You feel yourself speed up. The phantom hits you.
* * * LOW HITPOINT WARNING * * *
Okay, then.
A hobgoblin comes into view.
The hobgoblin shouts!
It was a potion of attraction.
You feel attractive to monsters. The phantom is pulled toward you!
The hobgoblin is pulled toward you!
Your transformation is almost over.
The phantom is pulled toward you! The hobgoblin is pulled toward you!
The phantom is pulled toward you! The hobgoblin is pulled toward you!
The phantom is pulled toward you! The hobgoblin is pulled toward you!
You closely miss the phantom.
The phantom is lightly damaged.
The phantom hits you!
You die...

########## #........#
#........# ## #........#
.. #####........#
..#######............# ##
..........#..........# .
..............g......#
.....####......W@....# #
..#..# #.#..........# #.
###W#####.##..###########
#####.
.........................
......
.......#####..###.#.#.##
####.
..............#..∩..#
####.
........#####...#.###
#####.... ........#
##.##.# #........
........# ###..#.#
#.##.....


You could see a phantom and a hobgoblin.

Vanquished Creatures
  A necrophage (D:4)
  An ogre (D:3)
  A scorpion (D:4)
  Crazy Yiuf (D:2)
  4 adders
  2 worms
  A dart slug (D:4)
  4 orcs (D:3)
  7 ball pythons
  4 endoplasms
  4 giant cockroaches
  3 goblins
  11 hobgoblins
  3 kobolds
  3 quokkas
  5 bats
  A frilled lizard (D:2)
  2 rats
58 creatures vanquished.

Notes
Turn   | Place    | Note
-------+----------+-------------------------------------------
     0 | D:1      | HELP the Octopode Transmuter began the quest for the Orb.
     0 | D:1      | Reached XP level 1. HP: 13/13 MP: 3/3
    96 | D:1      | Reached XP level 2. HP: 10/18 MP: 5/5
  1155 | D:2      | Reached XP level 3. HP: 16/23 MP: 6/6
  1173 | D:2      | Reached skill level 3 in Transmutations
  1376 | D:2      | Learned a level 2 spell: Wereblood
  1380 | D:2      | Learned a level 3 spell: Spider Form
  1624 | D:2      | Reached XP level 4. HP: 10/29 MP: 7/7
  1930 | D:2      | Found a runed translucent door.
  1931 | D:2      | Noticed Crazy Yiuf
  1939 | D:2      | Killed Crazy Yiuf
  2181 | D:2      | You fall into a shaft and drop 1 floor!
  2322 | D:3      | Noticed an ogre
  2455 | D:3      | Reached XP level 5. HP: 34/34 MP: 5/9
  2501 | D:3      | Reached skill level 1 in Poison Magic
  2521 | D:3      | Killed an ogre
  2522 | D:3      | Reached skill level 4 in Transmutations
  2662 | D:4      | Noticed a necrophage
  2668 | D:4      | Killed a necrophage
  2669 | D:4      | Reached XP level 6. HP: 23/41 MP: 10/10
  2834 | D:4      | Found Umona's Weapon Shop.
  3111 | D:4      | Slain by a phantom

Illustrated notes

Levels and vault maps discovered:
D:1:      dpeg_arrival_pits, layout_loops_cross, chequers_mini_garden,
          minivault_25
D:2:      layout_rooms, uniq_crazy_yiuf_cottage
D:3:      layout_rooms
D:4:      layout_basic, nicolae_ru_path_of_blood, serial_shops,
          nicolae_shop_crystal

Skill      XL: |  1  2  3  4  5  6 |
---------------+-------------------+-----
Transmutations | 3 4 |  4.6
Fighting       | 2 3 |  3.0
Poison Magic   | 2 3 |  3.0
Spellcasting   | 3 |  3.2
Dodging        | |  2.0
Unarmed Combat | |  3.0

Action                   |  1- 3 |  4- 6 || total
-------------------------+-------+-------++-------
Melee: Unarmed           |    16 |       ||    16
       Constrict         |    21 |    16 ||    37
       Kick              |    10 |     8 ||    18
       Mace              |    48 |     6 ||    54
       Whip              |    15 |    25 ||    40
       Tentacles         |    12 |     7 ||    19
       Punch             |     1 |     4 ||     5
       Quarterstaff      |       |    20 ||    20
 Cast: Beastly Appendage |    10 |     7 ||    17
       Wereblood         |       |     1 ||     1
  Use: Potion            |       |     2 ||     2
 Stab: Sleeping          |     6 |     7 ||    13
Armor: Skin              |    24 |     1 ||    25
Dodge: Dodged            |    69 |    21 ||    90

Table legend: (Time is in decaauts)
 A = Elapsed time spent in this place.
 B = Non-inter-level travel time spent in this place.
 C = Inter-level travel time spent in this place.
 D = Time resting spent in this place.
 E = Time spent auto-exploring this place.
 F = Levels seen in this place.
 G = Mean time per level.
                   A        B        C        D        E       F      G
               +--------+--------+--------+--------+--------+-----+--------+
         Total |   3131 |   3081 |     50 |    513 |   1916 |   4 |  782.8 |
       Dungeon |   3131 |   3081 |     50 |    513 |   1916 |   4 |  782.8 |
               +--------+--------+--------+--------+--------+-----+--------+

Top non-repeatable levels by time:
     D:1: 1140 daAuts
     D:2: 1116 daAuts
     D:4: 485 daAuts
     D:3: 388 daAuts
